 Dungeon Crawl Stone Soup version 0.25-a0-50-gf0389da217 (webtiles) character file.

Game seed: 3251826135073891313, levelgen mode: deterministic

111 Arixos the Sneak (level 4, -1/38 HPs)
             Began as a Naga Enchanter on Oct 24, 2019.
             Was a Follower of Fedhas.
             Slain by an orc
             ... wielding a +0 mace
              (6 damage)
             ... on level 3 of the Dungeon.
             The game lasted 00:15:02 (2455 turns).

Arixos the Sneak (Naga Enchanter)                   Turns: 2455, Time: 00:15:02

Health: -1/38      AC:  3    Str: 11    XL:     4   Next: 92%
Magic:  1/7        EV: 10    Int: 20    God:    Fedhas [*.....]
Gold:   136        SH:  0    Dex: 12    Spells: 1/7 levels left

rFire    + . .     SeeInvis +   a - +1 dagger
rCold    . . .     Gourm    .   (no shield)
rNeg     . . .     Faith    .   b - +0 robe
rPois    +         Spirit   .   (no helmet)
rElec    .         Reflect  .   l - +0 cloak (curse)
rCorr    .         Harm     .   (no gloves)
MR       .....                  (no barding)
Stlth    +++.......             (no amulet)
HPRegen  0.12/turn              q - ring of protection from fire
MPRegen  0.10/turn              (no ring)

@: brilliant, berserk cooldown, slowed, very slow
A: large, see invisible, deformed body, poison resistance, slowness 2, slow
metabolism 1, spit poison 1, AC +1
a: Spit Poison, Renounce Religion


You were on level 3 of the Dungeon.
You worshipped Fedhas.
Fedhas was aware of your devotion.
You were hungry.

You visited 1 branch of the dungeon, and saw 3 of its levels.

You collected 136 gold pieces.

Inventory:

Hand Weapons
 a - a +1 dagger (weapon)
Armour
 b - a +0 robe (worn)
 i - a +0 shield
 l - a cursed +0 cloak (worn)
Jewellery
 q - a ring of protection from fire (left hand)
Scrolls
 c - 2 scrolls of immolation {unknown}
 e - 2 scrolls of amnesia {unknown}
 f - 3 scrolls of identify {unknown}
 n - a scroll of teleportation {unknown}
 o - a scroll of fog {unknown}
 p - a scroll of enchant weapon {unknown}
Potions
 j - a potion of curing
 k - a potion of agility {unknown}
 m - a potion of resistance {unknown}
Comestibles
 d - 5 rations
 r - 2 chunks of flesh


   Skills:
 + Level 1.2 Fighting
 + Level 1.7 Short Blades
 + Level 1.0 Armour
 + Level 2.0 Dodging
 + Level 5.0 Stealth
 + Level 0.6 Shields
 + Level 2.4 Spellcasting
 + Level 3.3 Hexes
 + Level 0.9 Ice Magic


You had one spell level left.
You knew the following spells:

 Your Spells              Type           Power        Failure   Level  Hunger
a - Ensorcelled Hibernat  Hex/Ice        ###...       1%          2    ##.....
b - Corona                Hex            ####...      1%          1    #......
c - Confuse               Hex            ####....     1%          3    ###....

Your spell library contained the following spells:

 Spells                   Type           Power        Failure   Level  Hunger
 Tukima's Dance           Hex            ####....     1%          3    ###....
 Dazzling Spray           Conj/Hex       ###...       2%          3    ###....


Dungeon Overview and Level Annotations

Branches:
Dungeon (3/15)

Altars:
Fedhas
Yredelemnul


Innate Abilities, Weirdness & Mutations

You cannot wear boots.
Your serpentine skin is tough. (AC +1)
You have supernaturally acute eyesight. (SInv)
Armour fits poorly on your strangely shaped body.
Your system is resistant to poisons. (rPois)
You cover ground very slowly.
You have a slow metabolism.
You can spit poison.


Message History

* * * LOW HITPOINT WARNING * * *
You puncture the orc!
You kill the orc!
Fedhas accepts your kill.
The orc throws a boomerang.
The boomerang hits you but does no damage.
The weapon returns to the orc!
You feel a strong urge to attack something.
The orc throws a boomerang.
The boomerang misses you.
The weapon returns to the orc!
You are no longer berserk.
You are exhausted.
You feel yourself slow down. The orc closely misses you.
Items here: )) [ †† a +0 spear; a +0 flail; a +0 ring mail; an orc corpse x2
You hit the orc.
The orc is severely wounded.
The orc hits you with a +0 mace.
You die...
Fedhas appreciates your contribution to the ecosystem.

##.....## #.##)#
##.(.....## #.....
#.........####....#
+.........'........
...#.##..[......####....#
..ooo..........## #..#..
##.#.###o.....## #.###.
#o#...## #.# #. #@##+##
#.# #. #.# #.. .. #.# ###
#. #.# #.# ... ###


You could see 2 orcs.

Vanquished Creatures
  A howler monkey zombie (D:2)
  4 adders (D:2)
  A worm (D:2)
  A dart slug (D:1)
  3 leopard geckos
  3 orcs (D:3)
  2 giant cockroaches
  12 goblins
  6 hobgoblins
  2 jackals (D:2)
  8 kobolds
  6 bats
  2 frilled lizards (D:1)
  3 rats (D:2)
54 creatures vanquished.

Notes
Turn   | Place    | Note
-------+----------+-------------------------------------------
     0 | D:1      | Arixos the Naga Enchanter began the quest for the Orb.
     0 | D:1      | Reached XP level 1. HP: 15/15 MP: 3/3
    96 | D:1      | Reached XP level 2. HP: 15/22 MP: 3/5
   192 | D:1      | Learned a level 2 spell: Ensorcelled Hibernation
   846 | D:1      | Reached XP level 3. HP: 30/30 MP: 6/6
  1222 | D:2      | Found a blossoming altar of Fedhas.
  1228 | D:2      | Became a worshipper of Fedhas Madash
  1384 | D:2      | Reached skill level 1 in Fighting
  1558 | D:2      | Reached XP level 4. HP: 33/38 MP: 7/7
  1637 | D:2      | Learned a level 3 spell: Confuse
  1919 | D:2      | Reached skill level 1 in Armour
  1919 | D:2      | Reached skill level 5 in Stealth
  2059 | D:2      | Reached * piety under Fedhas
  2352 | D:3      | Found a basalt altar of Yredelemnul.
  2455 | D:3      | Slain by an orc

Levels and vault maps discovered:
D:1:      dpeg_arrival_rhombus, layout_loops_ring, minmay_fountain_box
D:2:      layout_rooms, fedhas_altar_4
D:3:      layout_loops_corners, makhleb_grotto_becter, grunt_ministairs_2,
          yredelemnul_altar_generic

Skill      XL: |  1  2  3  4 |
---------------+-------------+-----
Fighting       | 1 |  1.2
Armour         | 1 |  1.0
Stealth        | 5 |  5.0
Dodging        | 2 |  2.0
Short Blades   | |  1.7
Shields        | |  0.6
Spellcasting   | |  2.4
Hexes          | |  3.3
Ice Magic      | |  0.9

Action                   |  1- 3 |  4- 6 || total
-------------------------+-------+-------++-------
Melee: Dagger            |    77 |    48 ||   125
 Cast: Corona            |     5 |       ||     5
       Ensorcelled Hiber |    21 |     9 ||    30
       Confuse           |       |     1 ||     1
 Abil: Spit Poison       |    16 |    16 ||    32
  Use: Potion            |       |     3 ||     3
 Stab: Sleeping          |    17 |     6 ||    23
  Eat: Chunk             |     4 |     3 ||     7
Armor: Robe              |    18 |    10 ||    28
Dodge: Dodged            |    49 |    26 ||    75

Table legend:
 A = Non-vault XP
 B = Vault XP
 C = Vault XP percentage of total XP
 D = Non-vault monster count
 E = Vault monster count
 F = Vault count percentage of total count
                 A         B        C        D         E       F
            +---------+---------+-------+---------+---------+-------
      Total |     159 |       0 |   0.0 |      54 |       0 |   0.0
            +---------+---------+-------+---------+---------+-------
        D:1 |      38 |       0 |   0.0 |      22 |       0 |   0.0
        D:2 |     105 |       0 |   0.0 |      26 |       0 |   0.0
        D:3 |      16 |       0 |   0.0 |       6 |       0 |   0.0
            +---------+---------+-------+---------+---------+-------
